 Dungeon Crawl Stone Soup version 0.21.1-1-g345015f (webtiles) character file.

12488 Monsterracer the Martial Artist (level 11, -17/104 HPs)
             Began as a Black Draconian Transmuter on June 17, 2018.
             Demolished by a blink frog (20 damage)
             ... on level 1 of the Lair of Beasts.
             The game lasted 00:22:37 (13692 turns).

Monsterracer the Martial Artist (DrTm)             Turns: 13692, Time: 00:22:38

Health: -17/104    AC: 13    Str: 12    XL:     11   Next: 63%
Magic:  20/21      EV: 13    Int: 21    God:    Xom [.*....]
Gold:   37         SH:  2    Dex: 12    Spells: 7/21 levels left

rFire    + . .     SeeInvis .     - Unarmed
rCold    . . .     Gourm    .   (shield currently unavailable)
rNeg     . . .     Faith    .   (armour unavailable)
rPois    +         Spirit   .   z - +0 hat
rElec    +         Reflect  +   (no cloak)
rCorr    .         Harm     .   (gloves currently unavailable)
MR       .....                  t - +2 pair of boots
Stlth    +.........             H - amulet of Oenomania {Reflect +Inv rF+ Int+4 SH+2}
HPRegen  0.27/turn              A - ring of poison resistance {!d}
MPRegen  0.17/turn              q - +3 ring of protection

@: short of breath, blade hands, flying
A: breathe lightning, unfitting armour, big wings, blink, high mp 1, robust 1,
electricity resistance, cold-blooded, AC +7
a: Breathe Lightning, Stop Flying, End Transformation, Blink, Renounce Religion,
Evoke Invisibility


You were on level 1 of the Lair of Beasts.
You worshipped Xom.
You were a plaything of Xom.
You were very hungry.
You had blades for hands.
You visited 2 branches of the dungeon, and saw 11 of its levels.
You also visited: Sewer.

You collected 534 gold pieces.
You spent 497 gold pieces at shops.

Inventory:

Missiles
 a - 93 arrows
 g - a throwing net (quivered)
Armour
 l - a +0 pair of gloves (melded)
 t - a +2 pair of boots (worn)
 z - a +0 hat (worn)
Jewellery
 d - an uncursed ring of protection from fire {!d}
 e - an uncursed ring of positive energy
 q - a +3 ring of protection (right scythe-like blade)
 v - an uncursed ring of fire
 A - a ring of poison resistance (left scythe-like blade) {!d}
 G - an uncursed ring of ice
 H - the amulet of Oenomania (around neck) {Reflect +Inv rF+ Int+4 SH+2}
   (You bought it in a shop on level 4 of the Dungeon)

   [amulet of reflection]

   It shields you and reflects attacks.
   It affects your intelligence (+4).
   It protects you from fire.
   It lets you turn invisible.
   It affects your SH (+2).
Wands
 w - a wand of iceblast (14)
 C - a wand of disintegration (7)
 D - a wand of polymorph (8)
 F - a wand of flame (31)
Scrolls
 h - 2 scrolls of amnesia
 j - 10 scrolls of teleportation
 k - 8 scrolls of remove curse
 p - 2 scrolls of magic mapping {!r}
 y - a scroll of fear {!r}
 B - a scroll of blinking
 E - 4 scrolls of identify
Potions
 b - a potion of mutation {!q}
 f - a potion of might
 i - 10 potions of curing
 m - a potion of resistance
 n - a potion of haste
 o - 2 potions of agility
 r - 2 potions of brilliance
 s - a potion of ambrosia {!q}
 u - 5 potions of heal wounds
 x - a potion of lignification
Comestibles
 c - 29 rations
 I - 4 chunks of flesh


   Skills:
 + Level 8.7 Fighting
 + Level 4.0 Dodging
 * Level 11.4 Unarmed Combat
 + Level 5.7 Spellcasting
 + Level 10.2 Transmutations
 + Level 4.5 Air Magic


You had 7 spell levels left.
You knew the following spells:

 Your Spells              Type           Power        Failure   Level  Hunger
a - Summon Lightning Spi  Summ/Air       ###.....     78%         4    ####...
b - Sticks to Snakes      Tmut           #####...     9%          2    None
c - Spider Form           Tmut/Pois      ####......   28%         3    ##.....
d - Blade Hands           Tmut           #####.....   30%         5    #####..


Dungeon Overview and Level Annotations

Branches:
Dungeon (10/15)            Temple (0/1) D:4            Lair (1/6) D:9
    Orc: D:9-12

Altars:
Cheibriados
Dithmenos
Gozag
Kikubaaqudgha
Nemelex Xobeh
Okawaru
Ru
Sif Muna
Trog
Vehumet
Wu Jian
Xom
Yredelemnul
The Shining One

Shops:
D:4 =   D:7 [=!!   D:9 [


Innate Abilities, Weirdness & Mutations

You can breathe wild blasts of lightning.
Your glossy black scales are hard. (AC +7)
You cannot fit into any form of body armour.
You are resistant to electric shocks. (rElec)
You are cold-blooded and may be slowed by cold attacks.
Your large and strong wings let you fly indefinitely.
You can translocate small distances at will.
You have an increased reservoir of magic. (+10% MP)
You are robust. (+10% HP)


Message History

The yak gores you.
* * * LOW HITPOINT WARNING * * *
You take 2 damage, and have 45/104 hp.
You hit the yak but do no damage.
The yak is almost dead.
The yak gores you.
* * * LOW HITPOINT WARNING * * *
The yak gores you.
* * * LOW HITPOINT WARNING * * *
You take 5 damage, and have 40/104 hp.
A blink frog comes into view.
The blink frog croaks.
There is a staircase back to the Dungeon here.
A porcupine comes into view.
The blink frog croaks.
The blink frog blinks! x3
You slash the yak!
The yak is severely wounded.
The blink frog blinks!
The yak gores you.
* * * LOW HITPOINT WARNING * * *
You take 1 damage, and have 41/104 hp.
You slice the yak!!
You kill the yak!
Your life force feels restored.
The blink frog blinks!
You slice the yak!!
You kill the yak!
You hit the yak but do no damage.
The yak is severely wounded.
The yak gores you!
* * * LOW HITPOINT WARNING * * *
You take 7 damage, and have 35/104 hp.
You breathe a wild blast of lightning!
The orb of electricity explodes!
The orb of electricity engulfs you!
The orb of electricity engulfs the blink frog.
The blink frog is severely wounded.
The orb of electricity engulfs the yak.
You kill the yak!
The orb of electricity engulfs the porcupine.
You kill the porcupine!
The orb of electricity engulfs the yak.
The yak is almost dead.
The zap misses you.
The zap misses the blink frog.
You feel somewhat more hungry. The blink frog completely misses you.
You slash the yak!
The yak is heavily wounded.
The blink frog blinks!
The blink frog barely misses you. The yak gores you.
* * * LOW HITPOINT WARNING * * *
You take 3 damage, and have 32/104 hp.
You slash the blink frog!
You kill the blink frog!
The blink frog barely misses you.
The blink frog blinks!
The blink frog hits you but does no damage.
You slash the yak!
You kill the yak!
The yak gores you but does no damage. The blink frog hits you.
* * * LOW HITPOINT WARNING * * *
The blink frog blinks!
The blink frog completely misses you.
You take 1 damage, and have 32/104 hp.
The yak closely misses you. The yak gores you!
* * * LOW HITPOINT WARNING * * *
You take 10 damage, and have 22/104 hp.
You shred the yak!!!
You kill the yak!
The blink frog blinks!
The yak misses you.
You hit the yak. You slash the yak, but do no damage.
The yak is heavily wounded.
The blink frog blinks!
The blink frog misses you. The yak completely misses you.
You hit the yak.
You tail-slap the yak, but do no damage.
The yak is severely wounded.
The yak barely misses you. The blink frog hits you!
* * * LOW HITPOINT WARNING * * *
The blink frog blinks!
You take 8 damage, and have 15/104 hp.
Unknown command.
You have got your breath back.
The blink frog hits you but does no damage.
The yak gores you but does no damage.
Found a hand axe.
You breathe a wild blast of lightning!
The orb of electricity explodes!
The orb of electricity engulfs the yak.
The yak is almost dead.
The orb of electricity engulfs you! You resist.
* * * LOW HITPOINT WARNING * * *
Xom thinks this is hilarious!
The orb of electricity engulfs the blink frog.
The blink frog is moderately wounded.
The orb of electricity engulfs the yak.
The yak is severely wounded.
The orb of electricity engulfs the yak.
You kill the yak!
Your Dodging skill increases to level 4!
You are feeling very hungry.
The blink frog barely misses you.
The blink frog blinks!
The yak gores you but does no damage. The blink frog hits you!!
You die...
Xom guffaws!

..# ##..... ..# ##.†.###
#.## #...## #..## ##Y.##
. #..## ##Y.#####
..#######..####.Y.....##
).......†#<..#..........
.......FY.#....Y........
.....§.@Y####Y).........
..........# #...........
.........## #...........
......F..# #P...........
........## #............
#.####.## #.##........##
# ## ## ####....##
#####.


You could see 2 yaks and 2 blink frogs.

Vanquished Creatures
  Gastronok (D:9)
  A two-headed ogre (D:10)
  3 death yaks (D:9)
  A troll (D:10)
  A hornet (D:8)
  A blink frog (Lair:1)
  A hippogriff (Lair:1)
  20 yaks
  A wyvern (D:10)
  A human (D:4)
  Eustachio (D:5)
  The ghost of RottenKnight the Magician, an amateur DsWz of Sif Muna (D:4)
  A water moccasin (Lair:1)
  A porcupine (Lair:1)
  An orc warrior (D:8)
  2 sky beasts
  A hornet zombie (D:8)
  A black bear (D:7)
  3 ogres
  2 centaurs
  A crocodile (Lair:1)
  2 big kobolds
  5 bullfrogs
  4 scorpions
  14 killer bees
  7 crimson imps
  A bullfrog zombie (D:5)
  A quasit (D:5)
  6 orc priests
  8 hounds
  A jelly (D:9)
  5 bullfrog skeletons
  2 centaur skeletons (D:6)
  An iguana (D:7)
  8 worker ants
  11 orc wizards
  A hound zombie (D:8)
  A worker ant zombie (D:9)
  4 gnolls (D:5)
  9 adders
  2 river rats (D:6)
  3 shadow imps
  An adder skeleton (D:5)
  5 worms
  2 dart slugs (D:1)
  6 leopard geckos
  16 orcs
  4 ball pythons
  9 bats
  9 giant cockroaches
  7 goblins
  7 hobgoblins
  4 jackals
  15 kobolds
  4 quokkas
  15 frilled lizards
  2 goblin zombies (D:5)
  A hobgoblin zombie (D:5)
  2 leopard gecko skeletons
  An orc skeleton (D:5)
  An orc zombie (D:5)
  A quokka skeleton (D:10)
  A quokka zombie (D:6)
  12 rats
267 creatures vanquished.

Vanquished Creatures (collateral kills)
  An ugly thing (D:6)
  Purgy (Sewer)
  A shadow imp (D:5)
  An orc (D:5)
  A frilled lizard (Sewer)
5 creatures vanquished.

Vanquished Creatures (others)
  A two-headed ogre (D:8)
  Joseph (D:7)
  A spriggan (D:8)
  A yak (Lair:1)
  A hungry ghost (D:8)
5 creatures vanquished.

Grand Total: 277 creatures vanquished

Notes
Turn   | Place    | Note
-------+----------+-------------------------------------------
     0 | D:1      | Monsterracer the Draconian Transmuter began the quest for the Orb.
     0 | D:1      | Reached XP level 1. HP: 16/16 MP: 3/3
   371 | D:1      | Reached XP level 2. HP: 23/23 MP: 5/5
   384 | D:1      | Learned a level 2 spell: Sticks to Snakes
   856 | D:1      | Reached XP level 3. HP: 27/29 MP: 4/6
   861 | D:1      | Learned a level 3 spell: Spider Form
  1605 | D:2      | Reached skill level 4 in Unarmed Combat
  1631 | D:2      | HP: 13/29 [adder (3)]
  1634 | D:2      | Reached XP level 4. HP: 17/37 MP: 7/7
  1938 | D:2      | Found a shadowy altar of Dithmenos.
  2401 | D:3      | Found a basalt altar of Yredelemnul.
  2624 | D:3      | Reached XP level 5. HP: 40/44 MP: 8/8
  2778 | D:3      | Found a shimmering altar of Xom.
  2788 | D:3      | Became a worshipper of Xom of Bone-Dry Humour
  2907 | D:3      | Found an ancient bone altar of Kikubaaqudgha.
  2911 | D:3      | Found a deep blue altar of Sif Muna.
  2913 | D:3      | Found a radiant altar of Vehumet.
  2918 | D:3      | Identified Vehumet's Compendium of Battle Magic
  2923 | D:3      | XOM: divination: detect items
  2976 | D:3      | XOM: silly message
  2996 | D:3      | HP: 22/44 [adder (4)]
  3004 | D:3      | HP: 21/44 [poisoned by an adder]
  3019 | D:3      | XOM: harmless Hex miscast
  3291 | D:4      | XOM: mild Chrm miscast
  3294 | D:4      | XOM: mild Necr miscast
  3304 | D:4      | HP: 21/45 [worker ant (7)]
  3307 | D:4      | XOM: noise
  3311 | D:4      | Noticed an ogre
  3311 | D:4      | HP: 17/45 [poisoned by a worker ant]
  3319 | D:4      | HP: 16/45 [poisoned by a worker ant]
  3329 | D:4      | Found a runed door.
  3329 | D:4      | Noticed a human
  3334 | D:4      | XOM: mild Pois miscast
  3335 | D:4      | HP: 16/45 [poisoned by the capriciousness of Xom (residual poison)]
  3341 | D:4      | HP: 14/45 [poisoned by the capriciousness of Xom (residual poison)]
  3342 | D:5      | Entered Level 5 of the Dungeon
  3349 | D:5      | HP: 13/45 [poisoned by the capriciousness of Xom (residual poison)]
  3357 | D:5      | HP: 12/45 [poisoned by the capriciousness of Xom (residual poison)]
  3575 | D:5      | Noticed a sky beast
  3587 | D:5      | XOM: medium Ice miscast
  3594 | D:5      | XOM: enchant monster (good)
  3596 | D:5      | Killed a sky beast
  3596 | D:5      | Reached skill level 5 in Unarmed Combat
  3596 | D:5      | Reached XP level 6. HP: 31/51 MP: 1/9
  3698 | D:5      | XOM: 1-stop teleportation journey
  3714 | D:5      | XOM: confusion
  3731 | D:5      | HP: 25/51 [shadow imp/nerve-wracking pain (5)]
  3738 | D:5      | HP: 20/51 [gnoll/spear (2)]
  3750 | D:5      | XOM: confusion (+ monsters)
  3755 | D:5      | XOM: mild Fire miscast
  3776 | D:5      | HP: 14/52 [orc wizard/magic dart (3)]
  3787 | D:5      | HP: 13/52 [centaur/arrow (3)]
  3800 | D:5      | HP: 7/52 [centaur (5)]
  3801 | D:5      | HP: 3/52 [centaur (4)]
  4117 | D:5      | XOM: give mutation
  4117 | D:5      | Gained mutation: You can translocate small distances at will. [Xom's grace]
  4180 | D:5      | Your scales start taking on a glossy black colour.
  4180 | D:5      | Reached XP level 7. HP: 43/58 MP: 10/10
  4180 | D:5      | Gained mutation: You are resistant to electric shocks. (rElec) [Black Draconian growth]
  4187 | D:5      | Learned a level 5 spell: Blade Hands
  4229 | D:5      | XOM: god gift: 2 javelins of penetration
  4334 | D:5      | Noticed Eustachio
  4337 | D:5      | XOM: cast spell 'Statue Form'
  4342 | D:5      | XOM: scenery: create altars
  4347 | D:5      | Killed Eustachio
  4347 | D:5      | Reached skill level 6 in Unarmed Combat
  4347 | D:5      | Reached skill level 5 in Transmutations
  4390 | D:5      | Found a glowing golden altar of the Shining One.
  4397 | D:5      | XOM: smoke on damage
  4763 | D:4      | Found a staircase to the Ecumenical Temple.
  4824 | D:4      | Noticed RottenKnight's ghost (amateur DsWz)
  4826 | D:4      | XOM: scenery: 1 doors close
  4836 | D:4      | Killed RottenKnight's ghost
  4836 | D:4      | Reached XP level 8. HP: 54/67 MP: 11/11
  4942 | D:4      | Found an iron altar of Okawaru.
  5118 | D:4      | XOM: god gift: ration
  5139 | D:4      | Found Tilaihau's Jewellery Shoppe.
  5325 | D:4      | Found a basalt altar of Yredelemnul.
  5340 | D:4      | Reached skill level 5 in Fighting
  5340 | D:4      | Reached skill level 7 in Unarmed Combat
  5682 | D:5      | XOM: divination: detect items
  6062 | D:6      | XOM: cast spell 'Necromutation'
  6081 | D:6      | XOM: god gift: scroll of random uselessness
  6133 | D:6      | Found a glowing drain.
  6151 | D:6      | HP: 34/68 [poisoned by a scorpion]
  6230 | D:6      | XOM: summons friendly shadow imp
  6342 | Sewer    | Entered a sewer
  6377 | Sewer    | Noticed Purgy
  6378 | Sewer    | XOM: cast spell 'Call Canine Familiar'
  6381 | Sewer    | Killed Purgy
  6472 | Sewer    | XOM: draining
  6480 | Sewer    | XOM: give mutation
  6480 | Sewer    | Gained mutation: Your large and strong wings let you fly indefinitely. [Xom's grace]
  6539 | D:6      | XOM: mild Fire miscast
  6574 | D:6      | XOM: cast spell 'Summon Ice Beast'
  6579 | D:6      | Reached skill level 8 in Unarmed Combat
  6817 | D:6      | Reached XP level 9. HP: 73/75 MP: 12/12
  6835 | D:6      | Noticed a red ugly thing
  6859 | D:6      | Killed a red ugly thing
  7201 | D:7      | Found Qyuc's Jewellery Shoppe.
  7206 | D:7      | Found Atulaof's Distillery.
  7213 | D:7      | Bought a potion of heal wounds for 55 gold pieces
  7295 | D:7      | XOM: scenery: create altars
  7336 | D:7      | Found a sparkling altar of Nemelex Xobeh.
  7364 | D:7      | XOM: scenery: 1 doors open
  7418 | D:7      | Noticed Joseph
  7424 | D:7      | XOM: cleaving
  7433 | D:7      | HP: 35/75 [orc wizard/dagger (4)]
  7435 | D:7      | Killed Joseph
  7438 | D:7      | Found Vuasm's Armour Boutique.
  7438 | D:7      | HP: 36/78 [hound (2)]
  7519 | D:7      | XOM: scenery: 1 doors close
  7797 | D:7      | Found Vemops's Distillery.
  7851 | D:7      | XOM: scenery: 1 doors close
  7897 | D:7      | XOM: confuse monster(s)
  8140 | D:8      | Found a snail-covered altar of Cheibriados.
  8221 | D:8      | Reached skill level 9 in Unarmed Combat
  8239 | D:8      | XOM: scenery: create altars
  8287 | D:8      | Noticed a two-headed ogre
  8293 | D:8      | XOM: 4-stop teleportation journey
  8312 | D:8      | HP: 32/78 [killer bee (8)]
  8317 | D:8      | HP: 31/78 [poisoned by a killer bee]
  8324 | D:8      | HP: 31/78 [poisoned by a killer bee]
  8332 | D:8      | HP: 31/78 [poisoned by a killer bee]
  8368 | D:8      | XOM: scenery: 3 doors open
  8455 | D:8      | XOM: divine lightning
  8581 | D:8      | XOM: divination: magic mapping
  8847 | D:8      | Killed a two-headed ogre
  8847 | D:8      | XOM: divine lightning
  8872 | D:8      | Paralysed by a hornet for 2 turns
  8875 | D:8      | HP: 39/78 [hornet (11)]
  8880 | D:8      | HP: 35/78 [poisoned by a hornet]
  8886 | D:8      | HP: 33/78 [poisoned by a hornet]
  8892 | D:8      | HP: 33/78 [poisoned by a hornet]
  8900 | D:8      | HP: 33/78 [poisoned by a hornet]
  9200 | D:8      | XOM is BORED!
  9442 | D:8      | XOM: cleaving
  9469 | D:8      | HP: 34/79 [orc warrior/short sword (16)]
  9476 | D:8      | HP: 21/79 [orc warrior/short sword (3)]
  9627 | D:8      | XOM: give mutations
  9627 | D:8      | Gained mutation: You have an increased reservoir of magic. (+10% MP) [Xom's grace]
  9627 | D:8      | Gained mutation: You are robust. (+10% HP) [Xom's grace]
  9633 | D:8      | Learned a level 4 spell: Summon Lightning Spire
  9947 | D:8      | XOM: divine lightning
 10050 | D:9      | Got a brightly glowing spear
 10056 | D:9      | Found a bloodstained altar of Trog.
 10079 | D:9      | XOM: confuse monster(s)
 10085 | D:9      | Reached XP level 10. HP: 72/94 MP: 17/17
 10242 | D:9      | Noticed Gastronok
 10246 | D:9      | XOM: summons 5 friendly demons
 10386 | D:9      | XOM: potion effect (haste)
 10388 | D:9      | XOM: cast spell 'Olgreb's Toxic Radiance'
 10401 | D:9      | XOM: mild Tloc miscast
 10401 | D:9      | HP: 39/94 [Gastronok (20)]
 10402 | D:9      | Killed Gastronok
 10402 | D:9      | Reached skill level 10 in Unarmed Combat
 10479 | D:9      | XOM: mild Erth miscast
 10750 | D:9      | Found an opulent altar of Gozag.
 10750 | D:9      | Found a sacrificial altar of Ru.
 10753 | D:9      | XOM: potion effect (berserk rage)
 10754 | D:9      | XOM: harmless Ice miscast
 10766 | D:9      | XOM: potion effect (curing)
 10781 | D:9      | XOM: potion effect (haste)
 10783 | D:9      | XOM: swap monsters
 10787 | D:9      | Noticed a death yak
 10788 | D:9      | Noticed a death yak
 10789 | D:9      | Noticed a death yak
 10790 | D:9      | XOM: summons friendly quasit
 10809 | D:9      | XOM: potion effect (agility)
 10815 | D:9      | Reached skill level 1 in Air Magic
 10829 | D:9      | XOM: harmless Ice miscast
 10844 | D:9      | XOM: harmless Hex miscast
 10951 | D:8      | XOM: harmless Chrm miscast
 11030 | D:9      | XOM: potion effect (might)
 11035 | D:9      | XOM: potion effect (might)
 11037 | D:9      | XOM: cleaving
 11043 | D:9      | Killed a death yak
 11047 | D:9      | HP: 39/96 [death yak (11)]
 11049 | D:9      | Killed a death yak
 11049 | D:9      | Reached skill level 5 in Spellcasting
 11049 | D:9      | Reached XP level 11. HP: 35/103 MP: 20/20
 11050 | D:9      | Killed a death yak
 11174 | D:9      | XOM: 1-stop teleportation journey
 11432 | D:9      | Reached skill level 10 in Transmutations
 11530 | D:9      | Found an ornate altar of the Wu Jian Council.
 11543 | D:9      | Found Vafetoq's Antique Armour Shop.
 11557 | D:9      | Found a staircase to the Lair.
 11792 | D:9      | XOM: harmless Conj miscast
 11870 | D:9      | XOM: cloud trail
 12092 | D:10     | Entered Level 10 of the Dungeon
 12139 | D:10     | Reached skill level 11 in Unarmed Combat
 12265 | D:10     | XOM: scenery: create altars
 12281 | D:10     | XOM: summons friendly shadow imp
 12308 | D:10     | XOM: 3-stop teleportation journey
 12374 | D:10     | XOM: potion effect (might)
 12461 | D:10     | XOM: god gift: transparent crystal amulet {god gift}
 12462 | D:10     | Got a transparent crystal amulet {god gift}
 12463 | D:10     | Identified the amulet of Jisua {Faith Fragile rC- MR+ Dex+7} (Xom gifted it to you on level 10 of the Dungeon)
 12565 | D:10     | Noticed a two-headed ogre
 12572 | D:10     | XOM: cast spell 'Summon Ice Beast'
 12575 | D:10     | Killed a two-headed ogre
 12613 | D:10     | XOM: divination: magic mapping
 12781 | D:10     | XOM: scenery: create altars
 12967 | D:10     | XOM: god gift: 2 needles of sleeping
 13137 | D:4      | Bought the amulet of Oenomania {Reflect +Inv rF+ Int+4 SH+2} for 442 gold pieces
 13356 | Lair:1   | XOM: stealth player
 13356 | Lair:1   | Entered Level 1 of the Lair of Beasts
 13404 | Lair:1   | XOM: scenery: create altars
 13415 | Lair:1   | XOM: 1-stop teleportation journey
 13659 | Lair:1   | XOM: summons friendly iron imp
 13660 | Lair:1   | XOM: destruction
 13667 | Lair:1   | HP: 47/104 [yak (7)]
 13678 | Lair:1   | HP: 41/104 [yak (1)]
 13683 | Lair:1   | HP: 32/104 [yak (3)]
 13690 | Lair:1   | HP: 15/104 [blink frog (8)]
 13692 | Lair:1   | HP: 2/104 [shot self (13)]
 13692 | Lair:1   | Demolished by a blink frog

Skill      XL: |  1  2  3  4  5  6  7  8  9 10 11 |
---------------+----------------------------------+-----
Fighting       | 2 3 4 5 7 8 |  8.7
Unarmed Combat | 4 5 6 8 9 10 11 | 11.4
Transmutations | 3 4 5 7 8 9 10 | 10.2
Spellcasting   | 3 5 |  5.7
Dodging        | 2 4 |  4.0
Air Magic      | 2 4 |  4.5

Action                   |  1- 3 |  4- 6 |  7- 9 | 10-12 || total
-------------------------+-------+-------+-------+-------++-------
Melee: Unarmed           |   169 |   232 |   450 |   213 ||  1064
       Tailslap          |    13 |    14 |    51 |    19 ||    97
       Kick              |     6 |     2 |       |       ||     8
       Headbutt          |     3 |       |       |       ||     3
       Punch             |     1 |     3 |     4 |    13 ||    21
 Cast: Beastly Appendage |    10 |     4 |       |       ||    14
       Spider Form       |     1 |     5 |     9 |       ||    15
       Sticks to Snakes  |       |     5 |     5 |       ||    10
       Blade Hands       |       |       |       |    10 ||    10
 Abil: Breathe Lightning |       |       |     8 |     4 ||    12
       Fly               |       |       |     1 |       ||     1
  Use: Scroll            |       |    10 |    10 |     6 ||    26
 Stab: Paralysed         |       |     2 |       |       ||     2
       Sleeping          |       |     1 |     1 |       ||     2
       Confused          |       |       |     1 |       ||     1
       Distracted        |       |       |       |     1 ||     1
  Eat: Chunk             |     2 |     9 |    16 |     8 ||    35
       Ration            |       |       |     2 |     2 ||     4
Armor: Skin              |    54 |   103 |   205 |    78 ||   440
Dodge: Dodged            |   129 |   166 |   329 |   161 ||   785
Block: Other             |       |       |       |     3 ||     3

Vault maps used:
D:1:      tarquinn_simple_flora_water_b, serial_glass, glass_columns_a,
          glass_columns_a, glass_columns_a, glass_columns_b, glass_columns_a,
          glass_columns_a
D:2:      grunt_dithmenos_smoke_and_mirrors, first_ration,
          kennysheep_generic_room_8
D:3:      grunt_temple_overflow_magic_moments, overflow_temple_1_default,
          overflow_temple_1_default, nrook_loot_triangle
D:4:      okawaru_metal_pillars_1_2, minmay_temple_entry_statues, serial_shops,
          nicolae_shop_stone, dk_yredelemnul_ordeal
D:5:      nicolae_tso_besieged_by_evil, uniq_eustachio
D:6:      minmay_opposing_rooms, portal_sewer_entry_b
D:7:      serial_shops, shop, shop, nicolae_shop_behind_doors, kennysheep_mini,
          nemelex_lonely_heart_becter, uniq_joseph
D:8:      marbit_many_paths, the_bakery, bh_walls_and_bars
D:9:      lemuel_round_altar, bloody_trog,
          chequers_temple_overflow_statue_of_worship, dpeg_lair_monsters,
          serial_shops, shop, uniq_gastronok
Lair:1:   infiniplex_staircase_pool, serial_bayou_shore_b
Sewer:    sewer_co_purgy_island
